 Dungeon Crawl Stone Soup version 0.26-a0-863-g3bff4b215c (webtiles) character file.

Game seed: 7330842450894183230

293431 marklar909 the Slingshot (level 21, -25/149 HPs)
             Began as a Halfling Hunter on Nov 25, 2020.
             Was the Champion of Okawaru.
             Annihilated by a two-headed ogre
             ... wielding a +0 giant spiked club
             ... led by an ironheart preserver
              (79 damage)
             ... on level 3 of the Vaults.
             The game lasted 01:39:16 (54429 turns).

marklar909 the Slingshot (Halfling Hunter)         Turns: 54429, Time: 01:39:17

Health: -25/149    AC: 26    Str: 20    XL:     21   Next: 72%
Magic:  26/26      EV: 19    Int:  9    God:    Okawaru [******]
Gold:   2921       SH:  0    Dex: 21    Spells: 23/23 levels left

rFire    + . .     SeeInvis +   M - +9 fustibalus (venom)
rCold    + . .     Faith    .   N - +2 kite shield {rN+}
rNeg     + . .     Spirit   .   X - +0 plate armour of Privacy {rCorr}
rPois    .         Reflect  +   V - +0 helmet of Philately {Slay+2}
rElec    .         Harm     .   e - scarf {rC+ rF+}
rCorr    +         Rampage  .   L - +2 pair of gloves {Dex+3}
MR       ++...                  G - +2 pair of boots {Stlth+}
Stlth    ..........             c - amulet of reflection
HPRegen  0.34/turn              k - ring of protection from magic
MPRegen  0.20/turn              O - ring of see invisible

@: lethally poisoned (-25 -> -31), sleeping, studying Axes
A: small, mutation resistance 1
}: 2/15 runes: decaying, gossamer
a: Heroism, Finesse, Renounce Religion


You were on level 3 of the Vaults.
You worshipped Okawaru.
Okawaru was exalted by your worship.
You visited 7 branches of the dungeon, and saw 36 of its levels.

You collected 3675 gold pieces.
You spent 754 gold pieces at shops.

Inventory:

Hand Weapons
 M - a +9 fustibalus of venom (weapon)
Missiles
 d - 274 sling bullets
 g - 62 stones (quivered)
Armour
 e - a scarf of resistance (worn)
 G - a +2 pair of boots of stealth (worn)
 L - a +2 pair of gloves of dexterity (worn)
 N - a +2 kite shield of positive energy (worn)
 V - the +0 helmet of Philately (worn) {Slay+2}
   (Okawaru gifted it to you on level 4 of the Spider Nest)

   It affects your accuracy and damage with ranged weapons and melee attacks
   (+2).
 X - the +0 plate armour of Privacy (worn) {rCorr}
   (Okawaru gifted it to you on level 6 of the Lair of Beasts)

   It provides partial protection from all sources of acid and corrosion.
Jewellery
 c - an amulet of reflection (around neck)
 k - a ring of protection from magic (left hand)
 y - an uncursed ring of poison resistance
 O - a ring of see invisible (right hand)
Wands
 i - a wand of acid (34)
 r - a wand of disintegration (9)
 B - a wand of polymorph (9)
 E - a wand of iceblast (9)
 F - a wand of paralysis (9)
 H - a wand of digging (5)
 R - a wand of flame (10)
Scrolls
 b - 2 scrolls of blinking
 f - 3 scrolls of fog
 h - 11 scrolls of magic mapping
 m - 2 scrolls of enchant armour
 n - 10 scrolls of teleportation
 p - a scroll of enchant weapon
 q - a scroll of summoning
 v - 18 scrolls of remove curse
 w - 8 scrolls of identify
 x - 7 scrolls of fear
 I - 6 scrolls of amnesia
 Q - 2 scrolls of silence
Potions
 a - 2 potions of might
 j - 7 potions of lignification
 l - 3 potions of mutation
 o - 8 potions of flight
 t - 4 potions of haste
 u - 3 potions of invisibility
 z - 9 potions of curing
 A - 6 potions of heal wounds
 D - 4 potions of cancellation
 K - a potion of brilliance
 P - 2 potions of resistance
 T - 3 potions of ambrosia
 W - 2 potions of magic
Books
 S - a manual of Axes
Miscellaneous
 s - a condenser vane (inert)


   Skills:
 * Level 14.7 Fighting
 + Level 22.2 Slings
 * Level 15.5 Armour
 * Level 15.2 Dodging
 + Level 5.2 Stealth
 * Level 19.6 Shields
 + Level 0.2 Unarmed Combat
 + Level 1.8 Spellcasting
 * Level 7.1 Invocations
 + Level 3.0 Evocations


You had 23 spell levels left.
You didn't know any spells.
Your spell library contained the following spells:

 Spells                   Type           Power        Failure   Level
 Beastly Appendage        Tmut           #.....       99%         1
 Corona                   Hex            #......      99%         1
 Magic Dart               Conj           #...         99%         1
 Shock                    Conj/Air       #...         99%         1
 Sting                    Tmut/Pois      #...         99%         1
 Blink                    Tloc           N/A          99%         2
 Call Imp                 Summ           #.......     99%         2
 Corpse Rot               Necr/Air       N/A          99%         2
 Ensorcelled Hibernation  Hex/Ice        #.....       99%         2
 Poisonous Vapours        Pois/Air       #.....       99%         2
 Slow                     Hex            #.......     99%         2
 Sublimation of Blood     Necr           #.........   99%         2
 Swiftness                Air            #.......     99%         2
 Wereblood                Tmut           #.......     99%         2
 Confusing Touch          Hex            #.......     100%        3
 Conjure Flame            Conj/Fire      #.......     100%        3
 Dazzling Flash           Conj/Hex       #.....       100%        3
 Gell's Gravitas          Tloc           #.........   100%        3
 Ignite Poison            Fire/Tmut/Pois #.......     100%        3
 Mephitic Cloud           Conj/Pois/Air  #.......     100%        3
 Spider Form              Tmut/Pois      #.........   100%        3
 Static Discharge         Conj/Air       #.......     100%        3
 Tukima's Dance           Hex            #.......     100%        3
 Airstrike                Air            #.........   100%        4
 Animate Dead             Necr           #.........   100%        4
 Cause Fear               Hex            #.........   100%        4
 Dispel Undead            Necr           #.......     100%        4
 Ice Form                 Ice/Tmut       #.......     100%        4
 Olgreb's Toxic Radiance  Pois           #.......     100%        4
 Petrify                  Tmut/Erth      #.......     100%        4
 Summon Ice Beast         Ice/Summ       #.......     100%        4
 Agony                    Necr           #.......     100%        5
 Blade Hands              Tmut           #.........   100%        5
 Borgnjor's Vile Clutch   Necr/Erth      #.........   100%        5
 Excruciating Wounds      Necr           #.........   100%        5
 Lightning Bolt           Conj/Air       #.........   100%        5
 Metabolic Englaciation   Hex/Ice        #.........   100%        5
 Silence                  Hex/Air        #.........   100%        5
 Yara's Violent Unravell  Hex/Tmut       #.........   100%        5
 Death Channel            Necr           #.........   100%        6
 Simulacrum               Ice/Necr       #.........   100%        6
 Discord                  Hex            #.........   100%        8


Dungeon Overview and Level Annotations

Branches:
Dungeon (15/15)            Temple (1/1) D:4            Lair (6/6) D:10
  Swamp (4/4) Lair:2       Spider (4/4) Lair:3        Slime (0/5) Lair:6
    Orc (2/2) D:11            Elf (0/3) Orc:2        Vaults (4/5) D:13
  Crypt (0/3) Vaults:2     Depths (0/5) D:15

Altars:
Ashenzari
Cheibriados
Dithmenos
Elyvilon
Fedhas
Gozag
Hepliaklqana
Kikubaaqudgha
Makhleb
Nemelex Xobeh
Okawaru
Qazlal
Ru
Sif Muna
Trog
Uskayaw
Vehumet
Wu Jian
Xom
Yredelemnul
Zin
The Shining One
Jiyva

Shops:
D:10 [   D:12 *   Orc:2 *(=*:   Vaults:2 ?

Portals:
Abyss: Lair:3
Trove: D:14 (give +6 demon trident)

Annotations:
Lair:3 2 transporters, Feulaj's ghost, journeyman MiBe
Swamp:1 2 transporters, exclusion: orange crystal statue
Spider:2 3 runed translucent doors, Nuqinleag's ghost, adept GrEE; reativica's ghost, journeyman CeHu
Vaults:3 Aizul


Innate Abilities, Weirdness & Mutations

You are small and have problems with some larger weapons.
You are somewhat resistant to further mutation.


Message History

You shoot a stone.
The stone barely misses the two-headed ogre.
You feel sick.
Aizul says, "Replaced!
How does it feel to be replaced?"
You block Aizul's attack. The two-headed ogre misses you.
You block the two-headed ogre's attack.
Unknown command.
Firing (i - inventory. (/) - cycle)
g - 63 stones (quivered)
Press: ? - help, Shift-Dir - straight line, f/p - two-headed ogre
Aim: a two-headed ogre, wielding a +0 giant spiked club and a +0 giant club (moderately wounded, very poisoned)
You shoot a stone. The stone hits the two-headed ogre!!
The two-headed ogre is severely wounded.
You feel sick. You block the orc priest's attack.
Aizul coils herself and waves her upper body at you.
You fall asleep.
The orc priest completely misses you.
You feel sick. Aizul closely misses you.
The two-headed ogre hits you with a +0 giant spiked club!!!!
Ouch! That really hurt!
You die...

.....#.................#
.....#.................#
.....#.................#
.....#.......########..#
######.......'......#..#
...>.........#......#..#
.............#......#..# #
.............#.[oo..#..# #
########+#...#(O@S.(#..# #
.........#...#.).[..#..# #
.........#...#......#..# #
.........#...#......#..# #
.........'...#......#..# #
.........#...#......#..# #
.........#...#......#..# #
#'########...########..# #
.......................##########


You could see Aizul, a two-headed ogre (very poisoned) and 2 orc priests.

Vanquished Creatures
  Mara (Spider:3)
  Saint Roka (Vaults:4)
  Arachne (Spider:2)
  Jorgrun (D:12)
  A lich (Vaults:2)
  Kirke (D:13)
  2 sphinxes
  Donald (Orc:2)
  A tengu reaver (Vaults:2)
  A fire giant (Vaults:2)
  3 emperor scorpions (Spider:4)
  Louise (Spider:3)
  10 ironheart preservers
  5 vault wardens
  3 ghost moths (Spider:4)
  7 stone giants
  Nessos (D:13)
  5 entropy weavers
  Azrael (Orc:2)
  3 spark wasps (Spider:4)
  A deep elf annihilator (Vaults:3)
  A crystal guardian (Vaults:4)
  An ettin (Vaults:2)
  2 eleionomae (Swamp:4)
  Josephine (Lair:4)
  2 fire dragons
  Erolcha (D:13)
  A shambling mangrove (Swamp:3)
  8 yaktaur captains
  13 vault guards
  4 rakshasas
  13 hydras
  3 ogre magi
  7 boulder beetles
  7 ice dragons
  3 ghost crabs
  3 catoblepae (Lair:6)
  16 two-headed ogres
  A death knight (Vaults:2)
  14 centaur warriors
  8 alligators
  6 death yaks (Lair:6)
  A deep troll earth mage (Vaults:3)
  3 vampire magi (Vaults:2)
  A deep elf knight (Vaults:3)
  8 death scarabs (Spider:4)
  3 orc high priests (Orc:2)
  6 spriggans
  2 shadow wraiths
  3 skeletal warriors
  5 deep trolls
  3 swamp dragons
  An unseen horror (D:12)
  2 spriggan druids
  A glowing orange brain (Vaults:2)
  12 orc knights
  5 deep elf archers
  8 ironbrand convokers
  2 wizards
  2 necromancers (Vaults:2)
  4 bog bodies
  3 spectral wolf spiders (Spider:4)
  31 wolf spiders
  An orb spider (shapeshifter) (Vaults:3)
  5 deep elf magi
  10 orb spiders
  A wolf spider zombie (Spider:4)
  5 orc sorcerers
  A stone giant zombie (Vaults:2)
  41 ugly things
  7 cyclopes
  3 manticores
  A frost giant zombie (Vaults:2)
  4 moths of wrath
  3 will-o-the-wisps
  A guardian serpent (shapeshifter) (D:15)
  13 vault sentinels
  6 elephants (Lair:3)
  An elephant (shapeshifter) (Vaults:4)
  5 black mambas
  4 komodo dragons
  12 cane toads
  A kobold demonologist (D:12)
  2 redback zombies (Spider:4)
  An efreet (D:14)
  A komodo dragon (shapeshifter) (Vaults:2)
  A spectral redback (Spider:4)
  3 torpor snails
  20 yaktaurs
  Maggie (Lair:2)
  12 demonic crawlers
  A rime drake (Lair:3)
  11 freezing wraiths
  7 trolls
  2 human skeletons (Vaults:2)
  A polar bear (Lair:3)
  34 jumping spiders
  A queen bee (shapeshifter) (Vaults:3)
  9 tyrant leeches
  19 hornets
  Prince Ribbit (D:7)
  3 spectral tarantellas (Spider:4)
  24 slime creatures
  9 dream sheep
  3 jumping spider zombies (Spider:4)
  6 spectral jumping spiders (Spider:4)
  9 blink frogs
  A flying skull (Vaults:2)
  A stone giant simulacrum (Vaults:2)
  Sigmund (D:3)
  3 shadows
  54 yaks
  A vampire (D:12)
  79 redbacks
  7 wyverns
  45 tarantellas
  6 wraiths
  2 basilisks
  4 hogs (D:13)
  A steam dragon (Lair:2)
  A fire elemental (Orc:2)
  4 swamp worm simulacra (Swamp:4)
  6 vampire mosquitoes
  2 wargs (Orc:1)
  Menkaure (D:6)
  Edmund (D:4)
  11 swamp worms
  A soldier ant (shapeshifter) (Vaults:3)
  4 acid dragons
  13 water moccasins
  16 hydra simulacra (Swamp:4)
  3 hell hounds (Orc:2)
  A spectral hornet (Spider:4)
  36 orc warriors
  4 ice beasts
  8 black bears
  2 hornet zombies (Spider:4)
  3 phantoms
  A swamp drake (Swamp:2)
  A black bear (shapeshifter) (Vaults:3)
  A necrophage (D:9)
  A human zombie (Vaults:2)
  3 sky beasts
  21 ogres
  19 centaurs
  26 wolves
  4 big kobolds
  A gnoll sergeant (Orc:1)
  16 bullfrogs
  2 wyvern zombies
  7 scorpions
  A wyvern skeleton (D:7)
  5 wights (D:14)
  An electric eel (Lair:4)
  6 howler monkeys
  A bullfrog zombie (D:12)
  3 centaur zombies
  2 hounds
  18 orc priests
  Crazy Yiuf (D:2)
  4 gnoll shamans (D:13)
  6 jellies
  18 orc wizards
  A bullfrog skeleton (D:4)
  5 centaur skeletons
  2 iguanas
  Natasha (thrice) (D:3)
  Terence (D:3)
  12 worker ants
  A killer bee zombie (D:3)
  3 hound skeletons
  A mummy (D:5)
  A worker ant zombie (D:5)
  A howler monkey skeleton (D:9)
  19 gnolls
  10 adders
  2 ufetubi
  An ooze (D:1)
  4 swamp drake simulacra (Swamp:4)
  An adder skeleton (D:5)
  2 worms (D:2)
  2 dart slugs
  5 leopard geckos
  85 orcs
  4 giant cockroaches
  6 goblins
  8 hobgoblins
  6 jackals
  3 quokkas
  2 ball pythons
  5 bats
  A frilled lizard (D:2)
  2 hobgoblin zombies (D:5)
  35 kobolds
  A kobold zombie (D:5)
  An orc zombie (D:5)
  A quokka skeleton (D:5)
  A quokka zombie (D:6)
  7 rats
1314 creatures vanquished.

Vanquished Creatures (others)
  An ice dragon (D:15)
  A necromancer (Vaults:2)
  A redback (Spider:1)
  An orc wizard (Orc:2)
  2 kobolds (D:14)
  8 foxfires
  20 fungi
  46 plants
  6 withered plants (Spider:2)
86 creatures vanquished.

Grand Total: 1400 creatures vanquished

Notes
Turn   | Place    | Note
-------+----------+-------------------------------------------
     0 | D:1      | marklar909 the Halfling Hunter began the quest for the Orb.
     0 | D:1      | Reached XP level 1. HP: 14/14 MP: 1/1
    34 | D:1      | Reached skill level 6 in Slings
   209 | D:1      | Reached XP level 2. HP: 19/19 MP: 2/2
   589 | D:2      | Reached XP level 3. HP: 21/24 MP: 3/3
   708 | D:1      | Reached skill level 7 in Slings
  1030 | D:2      | Found a runed translucent door.
  1031 | D:2      | Noticed Crazy Yiuf
  1088 | D:2      | Reached XP level 4. HP: 29/29 MP: 4/4
  1537 | D:2      | Killed Crazy Yiuf
  1601 | D:3      | Noticed Terence
  1763 | D:3      | Noticed Sigmund
  1795 | D:3      | Reached skill level 8 in Slings
  1795 | D:3      | Reached XP level 5. HP: 30/35 MP: 5/5
  2071 | D:3      | Killed Terence
  2226 | D:3      | Found a shimmering blue altar of Sif Muna.
  2303 | D:3      | Noticed Natasha
  2317 | D:3      | Killed Natasha
  2440 | D:3      | Noticed Natasha
  2445 | D:3      | Killed Natasha
  2446 | D:3      | Reached skill level 9 in Slings
  2446 | D:3      | Reached skill level 1 in Armour
  2446 | D:3      | Reached XP level 6. HP: 41/41 MP: 6/6
  2580 | D:3      | Noticed Natasha
  2593 | D:3      | Killed Natasha
  2657 | D:3      | Killed Sigmund
  2658 | D:3      | Reached XP level 7. HP: 22/46 MP: 7/7
  3053 | D:4      | Reached skill level 10 in Slings
  3263 | D:4      | Found a staircase to the Ecumenical Temple.
  3340 | Temple   | Entered the Ecumenical Temple
  3474 | Temple   | Became a worshipper of Warmaster Okawaru
  3650 | D:4      | Noticed Edmund
  4245 | D:5      | Entered Level 5 of the Dungeon
  4904 | D:5      | Reached skill level 11 in Slings
  5198 | D:4      | Reached XP level 8. HP: 52/52 MP: 8/8
  5471 | D:4      | Reached skill level 1 in Shields
  5472 | D:4      | Reached * piety under Okawaru
  6219 | D:6      | Noticed a two-headed ogre
  6235 | D:6      | Killed a two-headed ogre
  6235 | D:6      | Reached ** piety under Okawaru
  6236 | D:6      | Reached skill level 12 in Slings
  6236 | D:6      | Reached XP level 9. HP: 21/58 MP: 6/9
  6926 | D:6      | Noticed Menkaure
  6940 | D:6      | Killed Menkaure
  7725 | D:4      | Killed Edmund
  7878 | D:7      | Noticed Prince Ribbit
  7889 | D:7      | Killed Prince Ribbit
  7985 | D:7      | Reached *** piety under Okawaru
  7986 | D:7      | Reached skill level 1 in Invocations
  8062 | D:7      | Reached skill level 5 in Armour
  8281 | D:7      | Reached skill level 5 in Dodging
  8481 | D:7      | Reached skill level 13 in Slings
  8539 | D:7      | Reached XP level 10. HP: 65/65 MP: 11/11
  8627 | D:7      | Reached skill level 5 in Fighting
  9341 | D:8      | Noticed a two-headed ogre
  9359 | D:8      | Killed a two-headed ogre
  9360 | D:8      | Reached skill level 5 in Shields
 10036 | D:8      | Reached skill level 14 in Slings
 10036 | D:8      | Reached skill level 1 in Spellcasting
 10036 | D:8      | Reached XP level 11. HP: 74/74 MP: 11/13
 10227 | D:9      | Received a gift from Okawaru
 10335 | D:9      | Reached **** piety under Okawaru
 11161 | D:10     | Entered Level 10 of the Dungeon
 11161 | D:10     | Noticed a two-headed ogre
 11172 | D:10     | Killed a two-headed ogre
 11464 | D:10     | Received a gift from Okawaru
 11481 | D:10     | Reached XP level 12. HP: 66/81 MP: 11/14
 11733 | D:10     | Found Esymukk's Antique Armour Emporium.
 11806 | D:10     | Bought a pair of gloves for 135 gold pieces
 11951 | D:10     | Found a staircase to the Lair.
 12719 | D:11     | Reached ***** piety under Okawaru
 13162 | D:11     | Noticed a skeletal warrior
 13165 | D:11     | Noticed a skeletal warrior
 13241 | D:10     | Killed a skeletal warrior
 13295 | Lair:1   | Entered Level 1 of the Lair of Beasts
 13429 | Lair:1   | Reached skill level 15 in Slings
 13568 | Lair:1   | Noticed an eight-headed hydra
 13603 | Lair:1   | Killed an eight-headed hydra
 13977 | Lair:1   | Received a gift from Okawaru
 14625 | Lair:2   | Noticed a boulder beetle
 14638 | Lair:2   | Killed a boulder beetle
 14729 | Lair:2   | Received a gift from Okawaru
 14870 | Lair:2   | Noticed Maggie
 14881 | Lair:2   | Reached XP level 13. HP: 88/88 MP: 12/15
 14891 | Lair:2   | Killed Maggie
 14899 | Lair:2   | Reached skill level 5 in Stealth
 15031 | Lair:2   | Received a gift from Okawaru
 15040 | Lair:2   | Found a staircase to the Swamp.
 15324 | Lair:2   | Noticed a boulder beetle
 15343 | Lair:2   | Killed a boulder beetle
 15344 | Lair:2   | Reached skill level 16 in Slings
 15655 | Lair:2   | Found the +2 Maxwell's thermic engine {flame, freeze}
 16008 | Lair:2   | Got a pair of warped boots {god gift}
 16014 | Lair:2   | Identified the +1 pair of boots "Ziaf" {Rampage rC+ MR-}
                  | (Okawaru gifted it to you on level 2 of the Lair of Beasts)
 16020 | Lair:2   | Identified a scroll of acquirement
 16020 | Lair:2   | Acquired a scarf of resistance
 16229 | Lair:3   | Found a hole to the Spider Nest.
 16394 | Lair:3   | Found a transporter.
 16395 | Lair:3   | Found a one-way gate to the infinite horrors of the Abyss.
 16395 | Lair:3   | Noticed Feulaj's ghost (journeyman MiBe)
 16413 | Lair:3   | Noticed a four-headed hydra
 16432 | Lair:3   | Killed a four-headed hydra
 16555 | Lair:3   | Noticed a seven-headed hydra
 16563 | Lair:3   | Killed a seven-headed hydra
 16564 | Lair:3   | Reached skill level 10 in Shields
 16644 | Lair:3   | Identified the +3 trident "Evave" {distort, +Fly rPois
                  | Str+10 Stlth-}
 16666 | Lair:3   | Noticed a cacodemon
 16724 | Lair:3   | Found a transporter.
 17461 | Lair:4   | Received a gift from Okawaru
 17535 | Lair:4   | Noticed Josephine
 17547 | Lair:4   | Killed Josephine
 17684 | Lair:4   | Reached skill level 10 in Armour
 17684 | Lair:4   | Reached XP level 14. HP: 97/97 MP: 16/16
 18468 | Lair:5   | Reached skill level 17 in Slings
 19360 | Lair:6   | Entered Level 6 of the Lair of Beasts
 19381 | Lair:5   | Reached skill level 10 in Dodging
 19384 | Lair:5   | Received a gift from Okawaru
 19581 | Lair:5   | Got a faintly humming kite shield {god gift}
 19816 | Lair:6   | Reached skill level 10 in Fighting
 19877 | Lair:6   | Reached ****** piety under Okawaru
 20203 | Lair:6   | Found a viscous altar of Jiyva.
 20204 | Lair:6   | Found a staircase to the Slime Pits.
 20890 | Lair:6   | Received a gift from Okawaru
 20986 | Lair:6   | Reached XP level 15. HP: 100/103 MP: 17/17
 21344 | Lair:6   | Received a gift from Okawaru
 21347 | Lair:6   | Got a distressingly furry plate armour {god gift}
 21348 | Lair:6   | Identified the +0 plate armour of Privacy {rCorr} (Okawaru
                  | gifted it to you on level 6 of the Lair of Beasts)
 21350 | Lair:6   | Identified the +1 kite shield of a Labyrinth {-Tele Str+5
                  | Int+2} (Okawaru gifted it to you on level 5 of the Lair of
                  | Beasts)
 22018 | D:11     | Found a staircase to the Orcish Mines.
 22343 | Orc:1    | Entered Level 1 of the Orcish Mines
 22513 | Orc:2    | Entered Level 2 of the Orcish Mines
 22959 | Orc:2    | Found Cuulussu's Assorted Antiques.
 23083 | Orc:2    | Reached skill level 18 in Slings
 23394 | Orc:2    | Noticed Donald
 23421 | Orc:2    | Killed Donald
 23652 | Orc:2    | Found a staircase to the Elven Halls.
 23812 | Orc:2    | Found Xex Bos's General Store.
 23812 | Orc:2    | Found Tarch's Book Boutique.
 23824 | Orc:2    | Found Luic's Jewellery Boutique.
 23824 | Orc:2    | Found Ezeih's Antique Weapon Shoppe.
 23837 | Orc:2    | Bought an uncursed amulet of reflection for 390 gold pieces
 23883 | Orc:2    | Noticed Azrael
 23899 | Orc:2    | Killed Azrael
 25013 | D:12     | Found Setz's Assorted Antiques.
 25040 | D:12     | Received a gift from Okawaru
 25326 | D:12     | Got a translucent glass ring
 25767 | D:13     | Noticed Jorgrun
 26146 | D:13     | Noticed Nessos
 26157 | D:13     | Killed Nessos
 26448 | D:13     | Identified the Reference Book on the Entourage and
                  | Weightlessness
 26550 | D:11     | Reached XP level 16. HP: 46/112 MP: 18/18
 26933 | D:12     | Killed Jorgrun
 27077 | D:13     | Found a gate to the Vaults.
 27127 | D:13     | Noticed Kirke
 27574 | D:13     | Killed Kirke
 28062 | D:13     | Noticed Erolcha
 28067 | D:13     | Killed Erolcha
 28350 | D:13     | Received a gift from Okawaru
 28673 | D:14     | Reached skill level 19 in Slings
 28712 | D:14     | Found a portal to a secret trove of treasure.
 29636 | D:14     | Acquired a +2 pair of gloves of dexterity
 29678 | D:13     | Got a bronze crystal plate armour {god gift}
 29679 | D:13     | Identified the +13 crystal plate armour of Space {*Drain
                  | Dex+9} (Okawaru gifted it to you on level 13 of the
                  | Dungeon)
 29680 | D:13     | Identified the ring "Ucyrue" {rC+ Str+5 Dex+4} (You found
                  | it on level 12 of the Dungeon)
 29715 | D:15     | Entered Level 15 of the Dungeon
 30429 | D:15     | Found a staircase to the Depths.
 30663 | Swamp:1  | Entered Level 1 of the Swamp
 30663 | Swamp:1  | Found a transporter.
 30778 | Swamp:1  | Found a transporter.
 31174 | Swamp:1  | Reached XP level 17. HP: 14/119 MP: 19/19
 31837 | Swamp:2  | Received a gift from Okawaru
 33431 | Swamp:4  | Entered Level 4 of the Swamp
 33505 | Swamp:4  | Received a gift from Okawaru
 34363 | Swamp:4  | Received a gift from Okawaru
 35029 | Swamp:4  | Got a decaying rune of Zot
 35325 | Spider:1 | Entered Level 1 of the Spider Nest
 35336 | Spider:1 | Reached skill level 15 in Shields
 35469 | Spider:1 | Received a gift from Okawaru
 35842 | Spider:1 | Reached skill level 20 in Slings
 35966 | Spider:1 | Received a gift from Okawaru
 36514 | Spider:1 | Reached XP level 18. HP: 126/126 MP: 20/20
 36590 | Spider:1 | Got a faintly humming cloak
 36591 | Spider:1 | Identified the -4 cloak "Ebre" {Int+4} (You found it on
                  | level 1 of the Spider Nest)
 36816 | Spider:1 | Received a gift from Okawaru
 37172 | Spider:2 | Received a gift from Okawaru
 37500 | Spider:2 | Noticed Arachne
 37501 | Spider:2 | Received a gift from Okawaru
 37944 | Spider:2 | Killed Arachne
 38646 | Spider:2 | Found a runed translucent gate.
 38646 | Spider:2 | Found a runed translucent gate.
 38646 | Spider:2 | Found a runed translucent gate.
 38650 | Spider:2 | Noticed reativica's ghost (journeyman CeHu)
 38650 | Spider:2 | Noticed Nuqinleag's ghost (adept GrEE)
 39214 | Spider:3 | Noticed Louise
 39245 | Spider:3 | Killed Louise
 39245 | Spider:3 | Received a gift from Okawaru
 40062 | Spider:3 | Noticed Mara
 40072 | Spider:3 | Noticed marklar909's illusion
 40402 | Spider:3 | Noticed marklar909's illusion
 40423 | Spider:3 | Killed Mara
 40770 | Spider:4 | Entered Level 4 of the Spider Nest
 42149 | Spider:4 | Reached XP level 19. HP: 120/134 MP: 22/22
 42149 | Spider:4 | Received a gift from Okawaru
 43420 | Spider:4 | Reached skill level 21 in Slings
 44319 | Spider:4 | Got a smoking helmet {god gift}
 44320 | Spider:4 | Identified the +0 helmet of Philately {Slay+2} (Okawaru
                  | gifted it to you on level 4 of the Spider Nest)
 44746 | Spider:4 | Got a gossamer rune of Zot
 45112 | Vaults:1 | Entered Level 1 of the Vaults
 45142 | Vaults:1 | You fall into a shaft and drop 1 floor!
 46542 | Vaults:1 | Received a gift from Okawaru
 47469 | Vaults:2 | Found Kiodoa's Magic Scroll Emporium.
 47479 | Vaults:2 | Bought a scroll of magic mapping for 59 gold pieces
 47479 | Vaults:2 | Bought 2 scrolls of identify for 68 gold pieces
 47479 | Vaults:2 | Bought a scroll of teleportation for 51 gold pieces
 47479 | Vaults:2 | Bought a scroll of teleportation for 51 gold pieces
 47669 | Vaults:2 | Reached XP level 20. HP: 141/141 MP: 23/23
 49024 | Vaults:2 | Reached skill level 15 in Armour
 49036 | Vaults:2 | Received a gift from Okawaru
 49054 | Vaults:2 | Reached skill level 5 in Invocations
 49288 | Vaults:2 | Received a gift from Okawaru
 49441 | Vaults:2 | HP: 6/143 [deep elf archer/arrow (9)]
 50020 | Vaults:2 | Found a staircase to the Crypt.
 50267 | Vaults:2 | Got a spiked scale mail {god gift}
 50268 | Vaults:2 | Identified the +0 scale mail "Neisoz" {Int+2} (Okawaru
                  | gifted it to you on level 2 of the Vaults)
 51910 | Vaults:3 | Reached XP level 21. HP: 146/148 MP: 25/25
 52183 | Vaults:3 | Received a gift from Okawaru
 52205 | Vaults:3 | Reached skill level 22 in Slings
 52224 | Vaults:3 | Reached skill level 15 in Dodging
 53348 | Vaults:4 | Paralysed by an orc sorcerer for 2 turns
 53579 | Vaults:4 | Received a gift from Okawaru
 53784 | Vaults:4 | Received a gift from Okawaru
 53856 | Vaults:4 | Noticed Saint Roka
 53883 | Vaults:4 | Killed Saint Roka
 54266 | Vaults:4 | Noticed Aizul
 54429 | Vaults:3 | Annihilated by a two-headed ogre

Illustrated notes

Levels and vault maps discovered:
D:1:      scummos_arrival_hexagon, layout_basic, minmay_misc_feat_roman
D:2:      layout_loops_ring, chequers_serial_rivers_micro_e,
          uniq_crazy_yiuf_cottage
D:3:      layout_rooms, led_sif_pool, uniq_sigmund, uniq_natasha, uniq_terence
D:4:      layout_gridville, minmay_temple_entry_statues, uniq_edmund
D:5:      layout_loops_ring, minmay_mini_ossuary
D:6:      layout_basic, uniq_menkaure
D:7:      layout_basic, st_stairs_2, uniq_prince_ribbit1
D:8:      kennysheep_kobold_camp, layout_rooms, enter_bailey_2,
          item_on_display_a
D:9:      layout_loops_ring, nicolae_benzene_ring, minivault_22,
          kennysheep_potato
D:10:     layout_rooms, lair_entry_dummy, serial_shops, shop_statue
D:11:     layout_gridville, david_orc_4
D:12:     kennysheep_blocky_hall, layout_gridville, serial_rivers,
          chequers_serial_rivers_small_a, chequers_serial_rivers_micro_e,
          chequers_serial_rivers_small_3, chequers_serial_rivers_micro_b,
          chequers_serial_rivers_micro_e, serial_shops, shop
D:13:     kennysheep_seaside_town, layout_cave_pools, erik_vaults_2,
          serial_rivers, chequers_serial_rivers_room_a,
          chequers_serial_rivers_micro_d, chequers_serial_rivers_small_b,
          chequers_serial_rivers_micro_b, chequers_serial_rivers_micro_e,
          chequers_serial_rivers_small_b, uniq_kirke, uniq_erolcha,
          uniq_jorgrun, uniq_nessos
D:14:     layout_irregular_city, enter_trove_5, kennysheep_nub,
          statue_in_the_mist_lemuel
D:15:     grunt_enter_depths_hoard, layout_cave_pools, minmay_misc_feat_doors
Temple:   roderic_octagonal_lattice_temple
Lair:1:   layout_gridlike, beast_lair_carwin_9, lemuel_fruit_tree,
          infiniplex_staircase_pool_2
Lair:2:   layout_hall_layers, swamp_mist, minmay_holes, uniq_maggie
Lair:3:   layout_chaotic_city, spider_nest_entry_webs,
          gammafunk_ghost_abyssal_escape
Lair:4:   layout_regular_city, gammafunk_lair_bear_cave, uniq_josephine
Lair:5:   layout_regular_city
Lair:6:   evilmike_catoblepas_cave, layout_big_grid, slime_altar_1
Swamp:1:  gammafunk_sealed_arena, layout_falls_marsh,
          evilmike_swamp_ruin_rubble_1, swamp_pool5
Swamp:2:  layout_basic_swamp, infiniplex_staircase_pool
Swamp:3:  layout_falls_marsh, nicolae_swamp_treefoil
Swamp:4:  swamp_icy, layout_basic_swamp, swamp_pool1
Spider:1: cheibrodos_spider_silkery
Spider:2: layout_chambers, portal_ice_cave_entry_pillars_2,
          gammafunk_ghost_cemetery, uniq_arachne
Spider:3: layout_spider_delve, nicolae_spider_stair_cavern, uniq_mara,
          uniq_louise
Spider:4: floodkiller_spider_rune_tomb
Orc:1:    layout_caves
Orc:2:    grunt_orc_tribal_feast, layout_caves, serial_shops, shop,
          mines2_lemuel, uniq_azrael, uniq_donald
Vaults:1: nicolae_vaults_little_squares_1, hangedman_vaults_stretched_pinwheel,
          vaults_room_door_ring, ontoclasm_vaults_ring_small,
          grunt_vaults_funnel, ontoclasm_vaults_ring_large, v_misc_27,
          vaults_mumra_lcd, layout_vaults_chaotic_city
Vaults:2: grunt_vaults_hallway_short, ontoclasm_vaults_ring_small,
          hangedman_vaults_unwind, minmay_crypt_entry_simple_walls,
          nicolae_vaults_network_star, ontoclasm_vaults_idyll, v_misc_25,
          nicolae_vaults_triangles, nicolae_vaults_windows_and_doors_thing,
          ontoclasm_vaults_hangar, vaults_mumra_chevron,
          dpeg_vaults_pockets_of_resistance, nicolae_vaults_little_squares_3,
          v_misc_9, vaults_room_semicircle, layout_vaults_big_cross,
          serial_shops, shop
Vaults:3: vaults_mumra_minichess_inversion, nicolae_vaults_little_squares_3,
          v_misc_11, nicolae_vaults_ninety_degrees, v_misc_17, v_pattern_2,
          grunt_vaults_swirl, vaults_room_door_ring,
          nicolae_vaults_angled_halls, layout_vaults_quadrants
Vaults:4: nicolae_vaults_alarming, nicolae_vaults_disjoint_gnomons,
          hangedman_vaults_variations, hangedman_vaults_stretched_pinwheel,
          vaults_standard_mumra_lines, v_misc_4, nicolae_vaults_puzzle_piece,
          vaults_dpeg_doors, grunt_vaults_hallway_short,
          layout_vaults_maze_bifur, uniq_margery, uniq_saint_roka, uniq_aizul

Skill      XL: |  1  2  3  4  5  6  7  8  9 10 11 12 13 14 15 16 17 18 19 20 21 |
---------------+----------------------------------------------------------------+-----
Slings         | 6 7 8 9 11 12 13 14 15 16 17 18 19 20 21 22 | 22.2
Fighting       | 2 3 4 6 7 8 9 10 11 12 13 14 | 14.7
Armour         | 1 2 4 5 7 8 10 11 12 13 14 15 | 15.5
Shields        | 3 4 6 7 9 10 12 13 14 15 16 18 19 | 19.6
Dodging        | 3 5 7 8 9 10 11 12 13 14 15 | 15.2
Stealth        | 2 4 5 |  5.2
Invocations    | 1 3 4 6 7 |  7.1
Spellcasting   | 1 |  1.8
Evocations     | 2 3 |  3.0
Unarmed Combat | |  0.2

Action                   |  1- 3 |  4- 6 |  7- 9 | 10-12 | 13-15 | 16-18 | 19-21 || total
-------------------------+-------+-------+-------+-------+-------+-------+-------++-------
Melee: Hunting sling     |       |       |       |     3 |       |       |       ||     3
       Unarmed           |       |       |       |       |       |     1 |       ||     1
       Fustibalus        |       |       |       |       |       |     6 |       ||     6
 Fire: Hunting sling     |    92 |    98 |   488 |   868 |       |       |       ||  1546
       Fustibalus        |       |       |       |   137 |  1449 |  1816 |  1964 ||  5366
Invok: Heroism           |       |       |     2 |     4 |     4 |     7 |     4 ||    21
       Finesse           |       |       |       |     1 |     1 |     2 |     4 ||     8
Evoke: Wand              |       |     4 |    17 |    17 |     3 |     4 |       ||    45
       Condenser vane    |       |       |       |       |       |       |     1 ||     1
  Use: Scroll            |       |     5 |     8 |    18 |     9 |    14 |    10 ||    64
       Potion            |       |       |       |     2 |       |     3 |     1 ||     6
Armor: Ring mail         |     6 |     8 |    27 |    99 |    83 |       |       ||   223
       Plate armour      |       |       |       |       |   100 |   328 |   254 ||   682
Dodge: Dodged            |    19 |    36 |    58 |   222 |   287 |   437 |   358 ||  1417
Block: Kite shield       |       |       |    63 |   294 |   469 |   932 |  1066 ||  2824
       Reflection        |       |       |       |       |    14 |    33 |    99 ||   146
       Other             |       |       |       |       |       |     6 |       ||     6

Table legend: (Time is in decaauts)
 A = Elapsed time spent in this place.
 B = Non-inter-level travel time spent in this place.
 C = Inter-level travel time spent in this place.
 D = Time resting spent in this place.
 E = Time spent auto-exploring this place.
 F = Levels seen in this place.
 G = Mean time per level.
                   A        B        C        D        E       F      G
               +--------+--------+--------+--------+--------+-----+--------+
         Total |  52896 |  49008 |   3888 |   5926 |  34662 |  36 | 1469.3 |
       Dungeon |  18925 |  17352 |   1573 |   1969 |  12221 |  15 | 1261.7 |
        Temple |    265 |    240 |     25 |      0 |    239 |   1 |  265.0 |
          Lair |   8640 |   7800 |    840 |    249 |   6292 |   6 | 1440.0 |
         Swamp |   4596 |   4262 |    334 |    932 |   2777 |   4 | 1149.0 |
   Spider Nest |   9134 |   8597 |    537 |   1220 |   5863 |   4 | 2283.5 |
  Orcish Mines |   2490 |   2302 |    188 |     82 |   1845 |   2 | 1245.0 |
        Vaults |   8843 |   8454 |    389 |   1473 |   5424 |   4 | 2210.8 |
               +--------+--------+--------+--------+--------+-----+--------+

Top non-repeatable levels by time:
Vaults:2: 3570 daAuts
Spider:4: 3040 daAuts
Spider:3: 2520 daAuts
Vaults:1: 2403 daAuts
Vaults:3: 2283 daAuts
     D:4: 2115 daAuts
Spider:2: 2087 daAuts
   Orc:2: 1773 daAuts
  Lair:6: 1735 daAuts
 Swamp:4: 1654 daAuts
    D:13: 1624 daAuts
  Lair:2: 1609 daAuts
    D:11: 1604 daAuts
  Lair:3: 1563 daAuts
Spider:1: 1486 daAuts
